TOP OF THE 1ST |
Billings Mustangs batting - Pitching for Missoula Osprey : RHP Adam Maida
|
Pitching: RHP Adam Maida
|
|
Batting: RHB Nick Miller
|
0-0: Called Strike 0-1: Foul Ball, location: 2F 0-2: Ball 1-2: Ground out 4-3 (Groundball, 4, EV 81.3 MPH)
|
Batting: LHB Matthew Berry
|
0-0: Ground out 6-3 (Groundball, 6, EV 81.3 MPH)
|
Batting: LHB David Moore
|
0-0: Ball 1-0: Ground out 4-3 (Groundball, 34D, EV 110.0 MPH)
|
Top of the 1st over - 0 runs, 0 hits, 0 errors, 0 left on base; Billings 0 - Missoula 0 |
BOTTOM OF THE 1ST |
Missoula Osprey batting - Pitching for Billings Mustangs : RHP Omar Vinson
|
Pitching: RHP Omar Vinson
|
|
Batting: RHB Nate Spencer
|
0-0: Foul Ball, location: 2F 0-1: Called Strike 0-2: Ball 1-2: Strikes out swinging
|
Batting: RHB Ernesto Zamora
|
0-0: Foul Ball, location: 2F 0-1: Ball 1-1: Ground out 6-3 (Groundball, 6S, EV 81.3 MPH)
|
Batting: SHB Evan Armagost
|
0-0: Ball 1-0: Called Strike 1-1: Called Strike 1-2: Foul Ball, location: 2F 1-2: Strikes out looking
|
Bottom of the 1st over - 0 runs, 0 hits, 0 errors, 0 left on base; Billings 0 - Missoula 0 |
TOP OF THE 2ND |
Billings Mustangs batting - Pitching for Missoula Osprey : RHP Adam Maida
|
Batting: RHB Jonathan Robies
|
0-0: Foul Ball, location: 2F 0-1: Ball 1-1: SOLO HOME RUN (Flyball, 78XD, EV 98.8 MPH), Distance : 410 ft
|
Batting: RHB Jay Jacobson
|
0-0: Ball 1-0: Swinging Strike 1-1: Ball 2-1: Foul Ball, location: 2F 2-2: Ball 3-2: Strikes out swinging
|
Batting: LHB Jon Goddard
|
0-0: Ball 1-0: Foul Ball, location: 2F 1-1: Ball 2-1: Ball 3-1: SOLO HOME RUN (Flyball, 9D, EV 90.6 MPH), Distance : 345 ft
|
Batting: RHB Yutaka Sato
|
0-0: Ball 1-0: Ball 2-0: Ball 3-0: Base on Balls
|
Batting: RHB Cyd Carver
|
0-0: Called Strike Yutaka Sato steals 2nd, throwing error, E2 Yutaka Sato to third 0-1: Fly out, F8 (Flyball, 8RXD, EV 81.9 MPH) Runner from 3rd tags up, SCORES, no throw by CF
|
Batting: RHB Jon Monteith
|
0-0: Ball 1-0: Ground out 2-3 (Groundball, 15S, EV 73.1 MPH)
|
Top of the 2nd over - 3 runs, 2 hits, 1 error, 0 left on base; Billings 3 - Missoula 0 |
BOTTOM OF THE 2ND |
Missoula Osprey batting - Pitching for Billings Mustangs : RHP Omar Vinson
|
Batting: SHB Blaine Peters
|
0-0: Ball 1-0: Ball 2-0: Called Strike 2-1: DOUBLE (Line Drive, 9LS, EV 108.8 MPH)
|
Batting: LHB Enrique Ponce
|
0-0: Ball 1-0: Ball 2-0: Ball 3-0: Foul Ball, location: 2F 3-1: Base on Balls
|
Batting: RHB Antonio Luisa
|
0-0: Called Strike 0-1: Ball 1-1: Foul Ball, location: 2F 1-2: Ball 2-2: Ball 3-2: SINGLE (Line Drive, 9S, EV 101.9 MPH) Blaine Peters to third Enrique Ponce to second Runner from 3rd tries for Home, SAFE, throw by RF to home
|
Batting: LHB Dillon Rizzuto
|
0-0: Ball 1-0: Ball 2-0: Foul Ball, location: 2F 2-1: Foul Ball, location: 2F 2-2: 3-RUN HOME RUN (Flyball, 9D, EV 94.4 MPH), Distance : 360 ft
|
Batting: SHB Lee Dillon
|
0-0: Called Strike 0-1: Swinging Strike 0-2: Ball 1-2: Ground out 1-3 (Groundball, 23, EV 68.8 MPH)
|
Batting: LHB Jeff Harmon
|
0-0: Ball 1-0: Ball 2-0: Ball 3-0: Foul Ball, location: 2F 3-1: Base on Balls
|
Batting: RHB Nate Spencer
|
0-0: Ball 1-0: Swinging Strike 1-1: Foul Ball, location: 2F 1-2: Grounds into double play, 3-6-1 (Groundball, 34, EV 99.4 MPH)
|
Bottom of the 2nd over - 4 runs, 3 hits, 0 errors, 0 left on base; Billings 3 - Missoula 4 |
TOP OF THE 3RD |
Billings Mustangs batting - Pitching for Missoula Osprey : RHP Adam Maida
|
Batting: RHB Nick Miller
|
0-0: Ball 1-0: Ball 2-0: Ball 3-0: Called Strike 3-1: Swinging Strike 3-2: SINGLE (Line Drive, 9S, EV 99.4 MPH)
|
Batting: LHB Matthew Berry
|
0-0: Swinging Strike 0-1: Ball Nick Miller steals 2nd base 1-1: Ball 2-1: Ball Wild Pitch! Nick Miller to third 3-1: Foul Ball, location: 2F 3-2: Foul Ball, location: 2F 3-2: Base on Balls
|
Batting: LHB David Moore
|
0-0: Ball Wild Pitch! Nick Miller scores Matthew Berry to second 1-0: Foul Ball, location: 2F 1-1: Ball 2-1: Ball 3-1: Foul Ball, location: 2F 3-2: Foul Ball, location: 2F 3-2: Foul Ball, location: 2F 3-2: Strikes out swinging
|
Batting: RHB Jonathan Robies
|
0-0: Ball 1-0: Ball 2-0: Fly out, F8 (Line Drive, 8RM, EV 90.0 MPH)
|
Batting: RHB Jay Jacobson
|
0-0: Ball 1-0: Ball 2-0: Called Strike 2-1: Ball 3-1: Foul Ball, location: 2F 3-2: Strikes out swinging
|
Top of the 3rd over - 1 run, 1 hit, 0 errors, 1 left on base; Billings 4 - Missoula 4 |
BOTTOM OF THE 3RD |
Missoula Osprey batting - Pitching for Billings Mustangs : RHP Omar Vinson
|
Batting: RHB Ernesto Zamora
|
0-0: Ball 1-0: Called Strike 1-1: Ball 2-1: Ball 3-1: Base on Balls
|
Batting: SHB Evan Armagost
|
0-0: Ball 1-0: Ball 2-0: Fielders Choice at 2nd, 5-4 (Groundball, 6, EV 88.1 MPH)
|
Batting: SHB Blaine Peters
|
0-0: Ball 1-0: Fielders Choice at 2nd, U6 (Groundball, 4M, EV 80.6 MPH)
|
Batting: LHB Enrique Ponce
|
0-0: Called Strike 0-1: Foul Ball, location: 2F 0-2: Ball 1-2: Foul Ball, location: 2F 1-2: Ground out 5-3 (Groundball, 56, EV 81.3 MPH)
|
Bottom of the 3rd over - 0 runs, 0 hits, 0 errors, 1 left on base; Billings 4 - Missoula 4 |
TOP OF THE 4TH |
Billings Mustangs batting - Pitching for Missoula Osprey : RHP Adam Maida
|
Batting: LHB Jon Goddard
|
0-0: SINGLE (Flyball, 4D, EV 85.6 MPH)
|
Batting: RHB Yutaka Sato
|
0-0: Ball 1-0: Ball 2-0: Called Strike 2-1: Swinging Strike 2-2: Ball 3-2: Foul Ball, location: 2F 3-2: Base on Balls Jon Goddard to second
|
Batting: RHB Cyd Carver
|
0-0: Ground out 5-3 (Groundball, 56S, EV 72.5 MPH) Jon Goddard to third Yutaka Sato to second
|
Batting: RHB Jon Monteith
|
0-0: Called Strike 0-1: Ball 1-1: Called Strike 1-2: Ball 2-2: Strikes out swinging
|
Batting: RHB Nick Miller
|
0-0: Ball 1-0: SINGLE (Groundball, 34D, EV 100.0 MPH) Jon Goddard scores Yutaka Sato to third Runner from 3rd tries for Home, SAFE, throw by RF to home
|
Batting: LHB Matthew Berry
|
0-0: Ball Nick Miller steals 2nd base 1-0: Ball 2-0: Foul Ball, location: 2F 2-1: Foul Ball, location: 2F 2-2: Ball 3-2: Base on Balls
|
Batting: LHB David Moore
|
0-0: Ball 1-0: Called Strike 1-1: DOUBLE (Line Drive, 7LS, EV 108.8 MPH) Nick Miller scores Matthew Berry to third
|
Batting: RHB Jonathan Robies
|
0-0: Called Strike 0-1: Ball 1-1: Ball 2-1: Fly out, F4 (Popup, 4, EV 80.0 MPH)
|
Top of the 4th over - 3 runs, 3 hits, 0 errors, 2 left on base; Billings 7 - Missoula 4 |
BOTTOM OF THE 4TH |
Missoula Osprey batting - Pitching for Billings Mustangs : RHP Omar Vinson
|
Batting: RHB Antonio Luisa
|
0-0: Ball 1-0: Ball 2-0: Ball 3-0: Called Strike 3-1: Foul Ball, location: 2F 3-2: Fly out, F6 (Popup, 4MS, EV 63.8 MPH)
|
Batting: LHB Dillon Rizzuto
|
0-0: Ball 1-0: Called Strike 1-1: DOUBLE (Line Drive, 8LD, EV 92.5 MPH)
|
Batting: SHB Lee Dillon
|
0-0: Ball 1-0: Called Strike 1-1: Ball 2-1: Foul Ball, location: 2F 2-2: Ball 3-2: Reached on error, E8 (Flyball, 8RS, EV 93.8 MPH) Dillon Rizzuto to third
|
Batting: LHB Jeff Harmon
|
0-0: Ball 1-0: Grounds into double play, 6-4-3 (Groundball, 6, EV 85.0 MPH)
|
Bottom of the 4th over - 0 runs, 1 hit, 1 error, 1 left on base; Billings 7 - Missoula 4 |
TOP OF THE 5TH |
Billings Mustangs batting - Pitching for Missoula Osprey : RHP Adam Maida
|
Batting: RHB Jay Jacobson
|
0-0: Foul Ball, location: 2F 0-1: Ball 1-1: Ground out 4-3 (Groundball, 4, EV 108.1 MPH)
|
Pitching: LHP Heath Henderson
|
|
Batting: LHB Jon Goddard
|
0-0: SOLO HOME RUN (Flyball, 89XD, EV 103.1 MPH), Distance : 398 ft
|
Batting: RHB Yutaka Sato
|
0-0: Fly out, F7 (Flyball, 7, EV 90.6 MPH)
|
Batting: RHB Cyd Carver
|
0-0: Called Strike 0-1: Foul Ball, location: 2F 0-2: Strikes out swinging
|
Top of the 5th over - 1 run, 1 hit, 0 errors, 0 left on base; Billings 8 - Missoula 4 |
BOTTOM OF THE 5TH |
Missoula Osprey batting - Pitching for Billings Mustangs : RHP Omar Vinson
|
Batting: RHB Nate Spencer
|
0-0: Ground out 6-3 (Groundball, 6, EV 90.6 MPH)
|
Batting: RHB Ernesto Zamora
|
0-0: Ground out 5-3 (Groundball, 56, EV 81.9 MPH)
|
Batting: SHB Evan Armagost
|
0-0: Ball 1-0: Ground out 6-3 (Groundball, 6M, EV 85.6 MPH)
|
Bottom of the 5th over - 0 runs, 0 hits, 0 errors, 0 left on base; Billings 8 - Missoula 4 |
TOP OF THE 6TH |
Billings Mustangs batting - Pitching for Missoula Osprey : LHP Heath Henderson
|
Batting: RHB Jon Monteith
|
0-0: Ball 1-0: Ball 2-0: Called Strike 2-1: Foul Ball, location: 2F 2-2: SINGLE (Groundball, 6MD, EV 101.3 MPH)
|
Batting: RHB Nick Miller
|
0-0: Ground out 5-3 (Groundball, 56S, EV 70.0 MPH) Jon Monteith to second
|
Batting: LHB Matthew Berry
|
0-0: Ball 1-0: Called Strike 1-1: Ball 2-1: DOUBLE (Groundball, 3L, EV 110.0 MPH) Jon Monteith scores
|
Batting: LHB David Moore
|
0-0: Ball 1-0: Ball 2-0: Called Strike 2-1: Ball 3-1: Base on Balls
|
Pitching: RHP Rick Foster
|
|
Batting: RHB Jonathan Robies
|
0-0: Ball Wild Pitch! Matthew Berry to third David Moore to second 1-0: Ball 2-0: Ball 3-0: Base on Balls
|
Batting: RHB Jay Jacobson
|
0-0: Called Strike 0-1: Foul Ball, location: 2F 0-2: Ball 1-2: Fly out, F7 (Flyball, 7LD, EV 83.8 MPH) Runner from 3rd tags up, OUT at HOME! 7-2
|
Top of the 6th over - 1 run, 2 hits, 0 errors, 2 left on base; Billings 9 - Missoula 4 |
BOTTOM OF THE 6TH |
Missoula Osprey batting - Pitching for Billings Mustangs : RHP Omar Vinson
|
Batting: SHB Blaine Peters
|
0-0: Called Strike 0-1: Ball 1-1: Swinging Strike 1-2: Strikes out swinging
|
Batting: LHB Enrique Ponce
|
0-0: Ground out 6-3 (Groundball, 6, EV 83.1 MPH)
|
Batting: RHB Antonio Luisa
|
0-0: Called Strike 0-1: Ball 1-1: Ball 2-1: Ground out 4-3 (Groundball, 4, EV 91.9 MPH)
|
Bottom of the 6th over - 0 runs, 0 hits, 0 errors, 0 left on base; Billings 9 - Missoula 4 |
TOP OF THE 7TH |
Billings Mustangs batting - Pitching for Missoula Osprey : RHP Rick Foster
|
Batting: LHB Jon Goddard
|
0-0: SINGLE (Line Drive, 8LS, EV 85.6 MPH)
|
Batting: RHB Yutaka Sato
|
0-0: Called Strike 0-1: Ball 1-1: Ball 2-1: Called Strike 2-2: Foul Ball, location: 2F 2-2: Ball 3-2: Strikes out swinging
|
Batting: RHB Cyd Carver
|
0-0: Foul Ball, location: 2F 0-1: Ball 1-1: Swinging Strike 1-2: Ball 2-2: 2-RUN HOME RUN (Flyball, 7LD, EV 91.9 MPH), Distance : 336 ft
|
Pitching: RHP Alan Muth
|
|
Batting: RHB Jon Monteith
|
0-0: Ball 1-0: Fly out, F9 (Flyball, 9S, EV 97.5 MPH)
|
Pinch Hitting: LHB William Matthews
|
0-0: SINGLE (Line Drive, 34D, EV 98.1 MPH)
|
Batting: LHB Matthew Berry
|
0-0: Ball 1-0: Ball 2-0: Ball 3-0: Called Strike 3-1: Called Strike 3-2: Base on Balls William Matthews to second
|
Batting: LHB David Moore
|
0-0: Foul Ball, location: 2F 0-1: Foul Ball, location: 2F 0-2: Ball 1-2: 3-RUN HOME RUN (Flyball, 78XD, EV 103.1 MPH), Distance : 386 ft
|
Batting: RHB Jonathan Robies
|
0-0: Ball 1-0: Called Strike 1-1: Ball 2-1: Ground out 5-3 (Groundball, 56S, EV 66.3 MPH)
|
Top of the 7th over - 5 runs, 4 hits, 0 errors, 0 left on base; Billings 14 - Missoula 4 |
BOTTOM OF THE 7TH |
Missoula Osprey batting - Pitching for Billings Mustangs : RHP Omar Vinson
|
Pitching: RHP Vladislav Prochazka
|
|
Now in LF: Hector Maldonado
|
|
Pinch Hitting: RHB Sergio Manzanero
|
0-0: Ball 1-0: Called Strike 1-1: Ball 2-1: Foul Ball, location: 2F 2-2: Strikes out swinging
|
Batting: SHB Lee Dillon
|
0-0: Ball 1-0: Called Strike 1-1: Foul Ball, location: 2F 1-2: Ball 2-2: Ball 3-2: DOUBLE (Line Drive, 89D, EV 103.1 MPH)
|
Batting: LHB Jeff Harmon
|
0-0: Swinging Strike 0-1: Swinging Strike 0-2: Ball 1-2: Strikes out swinging
|
Batting: RHB Nate Spencer
|
0-0: Ball 1-0: Ball 2-0: Ball 3-0: Called Strike 3-1: Foul Ball, location: 2F 3-2: Ground out 5-3 (Groundball, 56S, EV 70.0 MPH)
|
Bottom of the 7th over - 0 runs, 1 hit, 0 errors, 1 left on base; Billings 14 - Missoula 4 |
TOP OF THE 8TH |
Billings Mustangs batting - Pitching for Missoula Osprey : RHP Alan Muth
|
Now in RF: Sergio Manzanero
|
|
Batting: RHB Jay Jacobson
|
0-0: Ball 1-0: Foul Ball, location: 2F 1-1: Ball 2-1: Foul Ball, location: 2F 2-2: Ball 3-2: Fly out, F7 (Flyball, 7, EV 95.0 MPH)
|
Pitching: RHP John Petersen
|
|
Batting: LHB Jon Goddard
|
0-0: Called Strike 0-1: Ball 1-1: Foul Ball, location: 2F 1-2: Strikes out swinging
|
Batting: RHB Yutaka Sato
|
0-0: Ball 1-0: Called Strike 1-1: Ball 2-1: Ball 3-1: Base on Balls
|
Batting: RHB Cyd Carver
|
0-0: Ball 1-0: Foul Ball, location: 2F 1-1: Ball 2-1: Ball 3-1: Base on Balls Yutaka Sato to second
|
Batting: RHB Jon Monteith
|
0-0: Ball 1-0: Ball 2-0: Swinging Strike 2-1: Ball 3-1: Foul Ball, location: 2F 3-2: Base on Balls Yutaka Sato to third Cyd Carver to second
|
Pitching: RHP Tom Alatas
|
|
Batting: RHB Hector Maldonado
|
0-0: Foul Ball, location: 2F 0-1: Ball 1-1: Swinging Strike 1-2: SINGLE (Flyball, 56D, EV 83.1 MPH) Yutaka Sato scores Cyd Carver to third Jon Monteith to second Runner from 3rd tries for Home, throw by LF and OUT! 7-2
|
Top of the 8th over - 1 run, 1 hit, 0 errors, 2 left on base; Billings 15 - Missoula 4 |
BOTTOM OF THE 8TH |
Missoula Osprey batting - Pitching for Billings Mustangs : RHP Vladislav Prochazka
|
Batting: RHB Ernesto Zamora
|
0-0: SOLO HOME RUN (Flyball, 7D, EV 94.4 MPH), Distance : 345 ft
|
Batting: SHB Evan Armagost
|
0-0: Ball 1-0: Ball 2-0: Ball 3-0: Base on Balls
|
Batting: SHB Blaine Peters
|
0-0: Called Strike 0-1: Foul Ball, location: 2F 0-2: Ball 1-2: Ball 2-2: Foul Ball, location: 2F 2-2: 2-RUN HOME RUN (Flyball, 9D, EV 95.0 MPH), Distance : 368 ft
|
Pitching: RHP George Sanchez
|
|
Batting: LHB Enrique Ponce
|
0-0: Called Strike 0-1: Foul Ball, location: 2F 0-2: Ball 1-2: Foul Ball, location: 2F 1-2: Strikes out looking
|
Batting: RHB Antonio Luisa
|
0-0: Ball 1-0: Called Strike 1-1: Ball 2-1: Ball 3-1: SINGLE (Line Drive, 8LS, EV 106.3 MPH)
|
Batting: RHB Sergio Manzanero
|
0-0: SINGLE (Line Drive, 9S, EV 101.3 MPH) Antonio Luisa to second
|
Batting: SHB Lee Dillon
|
0-0: Fly out, F8 (Line Drive, 8LM, EV 96.3 MPH)
|
Batting: LHB Jeff Harmon
|
0-0: Ball 1-0: Ball 2-0: Ball 3-0: Called Strike 3-1: Called Strike 3-2: Fly out, F4 (Popup, 4MD, EV 56.9 MPH)
|
Bottom of the 8th over - 3 runs, 4 hits, 0 errors, 2 left on base; Billings 15 - Missoula 7 |
TOP OF THE 9TH |
Billings Mustangs batting - Pitching for Missoula Osprey : RHP Tom Alatas
|
Batting: LHB Matthew Berry
|
0-0: Ball 1-0: Ball 2-0: Ball 3-0: Base on Balls
|
Batting: LHB David Moore
|
0-0: Ball Passed Ball! Matthew Berry to second 1-0: Called Strike 1-1: Foul Ball, location: 2F 1-2: Foul Ball, location: 2F 1-2: Foul Ball, location: 2F 1-2: Ball 2-2: Ball 3-2: 2-RUN HOME RUN (Flyball, 9D, EV 96.9 MPH), Distance : 367 ft
|
Batting: RHB Jonathan Robies
|
0-0: Ball 1-0: Ball 2-0: Foul Ball, location: 2F 2-1: Ball 3-1: SINGLE (Line Drive, 4D, EV 102.5 MPH)
|
Pitching: RHP Dan Thompson
|
|
Batting: RHB Jay Jacobson
|
0-0: Ball 1-0: Called Strike 1-1: Ball 2-1: Ball 3-1: Base on Balls Jonathan Robies to second
|
Batting: LHB Jon Goddard
|
0-0: Ball 1-0: Grounds into double play, 6-4-3 (Groundball, 6, EV 84.4 MPH) Jonathan Robies to third
|
Batting: RHB Yutaka Sato
|
0-0: DOUBLE (Line Drive, 78M, EV 95.0 MPH) Jonathan Robies scores
|
Batting: RHB Cyd Carver
|
0-0: Called Strike 0-1: Ball 1-1: Ball 2-1: Fly out, F4 (Line Drive, 4, EV 70.0 MPH)
|
Top of the 9th over - 3 runs, 3 hits, 0 errors, 1 left on base; Billings 18 - Missoula 7 |
BOTTOM OF THE 9TH |
Missoula Osprey batting - Pitching for Billings Mustangs : RHP George Sanchez
|
Batting: RHB Nate Spencer
|
0-0: Called Strike 0-1: Foul Ball, location: 2F 0-2: Fly out, F9 (Flyball, 89D, EV 91.3 MPH)
|
Batting: RHB Ernesto Zamora
|
0-0: Swinging Strike 0-1: Ball 1-1: Called Strike 1-2: Ball 2-2: Foul Ball, location: 2F 2-2: Fly out, F7 (Flyball, 7S, EV 85.6 MPH)
|
Batting: SHB Evan Armagost
|
0-0: Ball 1-0: Called Strike 1-1: SINGLE (Line Drive, 6MD, EV 100.0 MPH)
|
Batting: SHB Blaine Peters
|
0-0: Called Strike 0-1: Ball 1-1: Ball 2-1: Called Strike 2-2: DOUBLE (Line Drive, 8RD, EV 91.9 MPH) Evan Armagost to third
|
Batting: LHB Enrique Ponce
|
0-0: Foul Ball, location: 2F 0-1: Ground out U3 (Groundball, 34S, EV 92.5 MPH)
|
Bottom of the 9th over - 0 runs, 2 hits, 0 errors, 2 left on base; Billings 18 - Missoula 7 |
|